 Dungeon Crawl Stone Soup version 0.26-a0-466-g989023bd0d (webtiles) character file.

Game seed: 11340718640794684334

218678 ttejieo the Warrior (level 19, -16/145 HPs)
             Began as an Octopode Fighter on Aug 7, 2020.
             Was an Initiate of Gozag.
             Hit by a large rock thrown by a stone giant (40 damage)
             ... on level 2 of the Vaults.
             The game lasted 02:49:16 (50891 turns).

ttejieo the Warrior (Octopode Fighter)             Turns: 50891, Time: 02:49:17

Health: -16/145    AC:  2    Str: 22    XL:     19   Next: 12%
Magic:  30/30      EV: 27    Int: 13    God:    Gozag
Gold:   5908       SH: 19    Dex: 18    Spells: 22/33 levels left

rFire    + . .     SeeInvis +   a - +6 demon trident (flame)
rCold    + . .     Faith    .   b - +0 kite shield
rNeg     . . .     Spirit   .   (helmet restricted)
rPois    +         Reflect  +   U - amulet of reflection
rElec    +         Harm     .   f - ring of wizardry
rCorr    .                      C - +4 ring of evasion
MR       ++...                  w - ring of protection from fire
Stlth    +++++.....             x - ring of protection from magic
HPRegen  0.34/turn              R - ring of protection from cold
MPRegen  0.22/turn              S - +6 ring of dexterity
                                Y - ring of poison resistance
                                Z - ring of see invisible

@: very slightly contaminated
A: almost no armour, stealthy swim, amphibious, 8 rings, constrict 8, tentacle
spike 1, rugged brown scales 1, camouflage 1, clever 1, electricity resistance,
wild magic 1, gelatinous body 1
}: 1/15 runes: gossamer
a: Potion Petition, Call Merchant, Bribe Branch, Renounce Religion


You were on level 2 of the Vaults.
You worshipped Gozag.
Gozag was greatly pleased with you.
You visited 5 branches of the dungeon, and saw 29 of its levels.
You also visited: Bailey and Volcano.

You collected 11521 gold pieces.
You spent 4410 gold pieces at shops.
You paid 1203 gold pieces to Gozag.

Inventory:

Hand Weapons
 a - a +6 demon trident of flaming (weapon)
 K - a +1 demon trident of flaming
Missiles
 e - 5 silver javelins
 p - 14 javelins
 q - 72 poisoned darts (quivered)
 B - 5 boomerangs of dispersal
 F - 2 throwing nets
 M - 51 boomerangs
 P - a curare-tipped dart
Armour
 b - a +0 kite shield (worn)
Jewellery
 f - a ring of wizardry (left tentacle)
 r - an uncursed ring of flight
 v - an uncursed ring of magical power
 w - a ring of protection from fire (on tentacle)
 x - a ring of protection from magic (on tentacle)
 C - a +4 ring of evasion (right tentacle)
 R - a ring of protection from cold (on tentacle)
 S - a +6 ring of dexterity (on tentacle)
 T - an uncursed ring of ice
 U - an amulet of reflection (around mantle)
 Y - a ring of poison resistance (on tentacle)
 Z - a ring of see invisible (on tentacle)
Wands
 s - a wand of disintegration (17)
 A - a wand of paralysis (7)
 H - a wand of iceblast (16)
 I - a wand of digging (8)
 Q - a wand of polymorph (21)
 V - a wand of acid (6)
Scrolls
 d - 11 scrolls of remove curse
 g - 8 scrolls of teleportation
 j - 5 scrolls of fear
 n - 5 scrolls of blinking
 o - 3 scrolls of magic mapping
 t - 3 scrolls of immolation
 y - 4 scrolls of fog
 z - 3 scrolls of identify
Potions
 h - 6 potions of ambrosia
 i - 7 potions of brilliance
 k - a potion of cancellation
 l - 4 potions of flight
 m - 2 potions of invisibility
 u - 15 potions of curing
 D - 5 potions of stabbing
 E - 4 potions of lignification
 G - 2 potions of magic
 J - 3 potions of haste
 N - 4 potions of heal wounds
 O - 3 potions of resistance
 X - 2 potions of might
Miscellaneous
 L - a lightning rod (4/4)


   Skills:
 - Level 15.8 Fighting
 - Level 14.0 Polearms
 - Level 10.0 Throwing
 - Level 12.8 Dodging
 - Level 8.0 Stealth
 - Level 13.0 Shields
 * Level 7.8 Spellcasting
 - Level 4.4 Translocations
 * Level 8.4 Transmutations
 * Level 8.4 Earth Magic
 - Level 3.9 Evocations


You had 22 spell levels left.
You knew the following spells:

 Your Spells              Type           Power        Failure   Level
a - Confusing Touch       Hex            #.......     26%         3
b - Statue Form           Tmut/Erth      #####....    38%         6
c - Blink                 Tloc           N/A          2%          2

Your spell library contained the following spells:

 Spells                   Type           Power        Failure   Level
 Gell's Gravitas          Tloc           ###.......   5%          3
 Lesser Beckoning         Tloc           ###.......   5%          3
 Teleport Other           Tloc           ###.....     5%          3
 Corona                   Hex            #......      11%         1
 Magic Dart               Conj           #...         11%         1
 Summon Small Mammal      Summ           #...         11%         1
 Call Imp                 Summ           #.......     14%         2
 Ensorcelled Hibernation  Hex/Ice        #.....       14%         2
 Slow                     Hex            #.......     14%         2
 Passage of Golubria      Tloc           N/A          16%         4
 Leda's Liquefaction      Hex/Erth       ###.......   17%         4
 Call Canine Familiar     Summ           #.......     26%         3
 Conjure Flame            Conj/Fire      #.......     26%         3
 Dazzling Flash           Conj/Hex       #.....       26%         3
 Mephitic Cloud           Conj/Pois/Air  #.......     26%         3
 Summon Guardian Golem    Hex/Summ       #.......     26%         3
 Tukima's Dance           Hex            #.......     26%         3
 Irradiate                Conj/Tmut      ###.......   38%         5
 Yara's Violent Unravell  Hex/Tmut       ###.......   38%         5
 Hydra Form               Tmut           #####.....   38%         6
 Bolt of Magma            Conj/Fire/Erth ###.......   56%         5
 Cause Fear               Hex            #.........   61%         4
 Summon Ice Beast         Ice/Summ       #.......     61%         4
 Summon Lightning Spire   Summ/Air       #.......     61%         4
 Summon Forest            Summ/Tloc      ##........   65%         5
 Silence                  Hex/Air        #.........   89%         5
 Summon Demon             Summ           #.........   89%         5
 Summon Mana Viper        Hex/Summ       #.......     89%         5
 Iron Shot                Conj/Erth      ###.......   89%         6
 Dragon Form              Tmut           #####.....   89%         7
 Conjure Ball Lightning   Conj/Air       #.........   100%        6
 Shadow Creatures         Summ           N/A          100%        6
 Summon Hydra             Summ           #.........   100%        7
 Discord                  Hex            #.........   100%        8
 Shatter                  Erth           #####.....   100%        9
 Tornado                  Air            #.........   100%        9


Dungeon Overview and Level Annotations

Branches:
Dungeon (15/15)            Temple (0/1) D:6            Lair (6/6) D:9
  Swamp (0/4) Lair:2       Spider (4/4) Lair:4        Slime (0/5) Lair:6
    Orc (2/2) D:10            Elf (0/3) Orc:2        Vaults (2/5) D:14
 Depths (0/5) D:15         Bailey (visited)         Volcano (visited)
  Crypt: Vaults:2-3

Altars:
Dithmenos
Gozag
Hepliaklqana
Makhleb
Xom
The Shining One

Shops:
D:4 ?   D:9 ([:   D:10 [   D:15 *   Orc:2 [=[![   Vaults:1 *

Annotations:
D:3 1 runed translucent door, Goblin1989's ghost, amateur DsDe
D:6 exclusion: downstairs
D:7 Maggie; Menkaure
D:11 exclusion: downstairs
D:13 exclusion: 2 downstairs
Lair:2 1 runed translucent door, Sezoajol's ghost, journeyman DrTm
Spider:4 1 exclusion
Vaults:1 1 runed translucent door, Geloitur's ghost, veteran SpEE


Innate Abilities, Weirdness & Mutations

You cannot wear most types of armour.
You are very stealthy in the water. (Stealth+)
You are amphibious.
You can wear up to eight rings at the same time.
You can use your tentacles to constrict eight enemies at once.
Your skin changes colour to match your surroundings (Stealth+).
Your rubbery body absorbs attacks. (AC +1, EV +1)
One of your tentacles bears a spike.
You are partially covered in rugged brown scales. (AC +1, +3% HP)
Your mind is acute. (Int +2)
You are resistant to electric shocks. (rElec)
Your spells are a little harder to cast, but a little more powerful.


Message History

The yaktaur shoots a bolt.
The bolt completely misses you.
You puncture the stone giant! You burn the stone giant.
The stone giant is heavily wounded.
The rakshasa is no longer distracted by gold.
The stone giant closely misses you. The rakshasa gestures at you.
The lance of force hits you!!
* * * LOW HITPOINT WARNING * * *
You are knocked back by the lance of force.
You slam into the stone wall!
* * * LOW HITPOINT WARNING * * *
You see here 2 bolts.
You open the large door.
The yaktaur wields a +0 arbalest.
The yaktaur shoots a bolt.
The bolt barely misses you.
Press: ? - help, Dir - move target cursor You are very lightly contaminated with residual magic.
As you read the scroll of blinking, it crumbles to dust.
The stone giant throws a large rock.
The large rock hits you!!!
You die...
Your body crumbles into a pile of gold.

#.#.# #...#
############'#
.............#
.............#########...
.............#.......#..#
.............#.......#..+
.............'.......#..#
#######''#####..@)...#..#
#......# #.....(.#..#
#.....?# #.......'..#
#......#
#.......'.c#######..
#......#
#########(C$R.......
#.....^# #..$.c......
#......# ############
########


You could see a stone giant and a yaktaur.

Vanquished Creatures
  Arachne (Spider:3)
  Jorgrun (D:12)
  A sphinx (Vaults:1)
  Kirke (Lair:4)
  A frost giant (Vaults:1)
  5 ghost moths (Spider:4)
  5 emperor scorpions
  5 vault wardens
  4 ironheart preservers
  2 entropy weavers
  Azrael (Spider:1)
  3 spark wasps
  An ettin (D:15)
  Josephine (Lair:5)
  2 yaktaur captains
  A great orb of eyes (Vaults:1)
  Erolcha (D:12)
  A vault guard (Vaults:2)
  A rakshasa (Vaults:1)
  3 hydras
  A catoblepas (Lair:6)
  9 centaur warriors
  4 death yaks
  5 ogre magi
  15 two-headed ogres
  2 tengu warriors
  5 orc high priests (Orc:2)
  A deep troll shaman (Lair:6)
  Urug (D:10)
  3 deep elf knights
  A glowing orange brain (Vaults:1)
  2 deep trolls
  An unseen horror (Vaults:1)
  A deep elf archer (Vaults:1)
  3 wizards
  A flayed ghost (Vaults:2)
  Pikel (D:6)
  3 lindwurms
  10 ironbrand convokers
  A necromancer (Vaults:2)
  11 orc knights
  3 orc sorcerers
  17 orb spiders
  8 cyclopes
  3 deep elf magi
  24 ugly things
  22 wolf spiders
  2 moths of wrath
  2 manticores
  A toenail golem (Volcano)
  3 black mambas
  3 elephants (Lair:6)
  A stone giant skeleton (Vaults:2)
  3 molten gargoyles (Volcano)
  2 centaur zombies
  3 gargoyles
  4 vault sentinels
  11 cane toads
  A rime drake (Lair:6)
  A human zombie (Vaults:2)
  6 centaur skeletons
  A kobold demonologist (D:11)
  6 yaktaurs
  4 komodo dragons
  13 demonic crawlers
  28 jumping spiders
  2 tengu conjurers
  11 trolls
  10 hornets
  6 polar bears
  Grinder (D:4)
  4 dream sheep (Lair:3)
  4 slime creatures (Vaults:1)
  A human simulacrum (Vaults:1)
  15 blink frogs
  2 meliai zombies
  13 hippogriffs
  53 redbacks
  17 tarantellas
  6 wyverns
  2 hogs (Lair:4)
  7 wraiths
  37 yaks
  A spriggan (shapeshifter) (Vaults:1)
  4 basilisks
  4 fire elementals
  15 humans (D:14)
  A steam dragon (D:10)
  13 vampire mosquitoes
  A warg (Vaults:1)
  An acid dragon (Vaults:1)
  5 hell hounds
  13 water moccasins
  8 porcupines
  41 orc warriors
  A meliai simulacrum (D:14)
  A swamp drake (D:9)
  A sky beast (D:8)
  3 black bears
  2 eyes of draining
  4 ice beasts
  3 phantoms
  16 ogres
  10 boggarts
  6 wolves (Lair:6)
  An orc skeleton (Vaults:2)
  A human skeleton (Vaults:2)
  9 crocodiles
  8 big kobolds
  12 centaurs
  Blork the orc (D:5)
  23 bullfrogs
  A gnoll sergeant (D:7)
  A wyvern zombie (D:13)
  2 earth elementals (Volcano)
  6 scorpions
  10 killer bees
  7 wights
  4 howler monkeys
  5 electric eels
  7 hounds
  2 bullfrog zombies
  32 orc priests
  6 iguanas
  4 jellies
  3 bullfrog skeletons
  15 orc wizards
  A gnoll shaman (D:4)
  Ijyb (D:4)
  A hell rat (Lair:6)
  12 worker ants
  A killer bee zombie (D:9)
  2 hound zombies
  3 hound skeletons
  20 gnolls
  A howler monkey skeleton (D:5)
  7 river rats (Lair:6)
  14 adders
  2 white imps (D:9)
  3 ufetubi
  4 oozes
  2 adder skeletons
  3 worms (D:2)
  2 dart slugs (D:1)
  6 leopard geckos
  93 orcs
  7 giant cockroaches
  4 goblins
  10 hobgoblins
  3 jackals (D:2)
  9 quokkas
  8 bats
  9 frilled lizards
  A giant cockroach zombie (D:5)
  34 kobolds
  13 rats
1075 creatures vanquished.

Vanquished Creatures (collateral kills)
  Rupert (D:12)
1 creature vanquished.

Vanquished Creatures (others)
  A human (Lair:4)
  4 fungi
  4 plants (Lair:2)
9 creatures vanquished.

Grand Total: 1085 creatures vanquished

Notes
Turn   | Place    | Note
-------+----------+-------------------------------------------
     0 | D:1      | ttejieo the Octopode Fighter began the quest for the Orb.
     0 | D:1      | Reached XP level 1. HP: 16/16 MP: 1/1
    44 | D:1      | Found a burning altar of Makhleb.
   142 | D:1      | Reached XP level 2. HP: 21/21 MP: 0/2
   256 | D:1      | Reached skill level 1 in Stealth
   419 | D:2      | Reached XP level 3. HP: 26/26 MP: 1/3
   493 | D:2      | Reached XP level 4. HP: 14/31 MP: 1/4
  1251 | D:2      | Learned a level 3 spell: Confusing Touch
  1430 | D:2      | Found an opulent altar of Gozag.
  1438 | D:2      | Reached XP level 5. HP: 37/37 MP: 1/5
  1819 | D:2      | Became a worshipper of Gozag Ym Sagoz the Greedy
  2261 | D:3      | Found a runed translucent door.
  2261 | D:3      | Noticed a two-headed ogre
  2261 | D:3      | Noticed Goblin1989's ghost (amateur DsDe)
  2308 | D:3      | Found a hazy altar of Hepliaklqana.
  2859 | D:3      | Found a shadowy altar of Dithmenos.
  2866 | D:3      | Found a glowing golden altar of the Shining One.
  3073 | D:4      | Noticed Ijyb
  3368 | D:3      | Reached XP level 6. HP: 43/43 MP: 2/6
  3738 | D:4      | Reached skill level 5 in Stealth
  3864 | D:4      | Found Zoujac's Magic Scroll Shoppe.
  3873 | D:4      | Bought a scroll of identify for 28 gold pieces
  3965 | D:4      | Reached skill level 4 in Fighting
  4405 | D:4      | Noticed Grinder
  4417 | D:4      | Killed Grinder
  4417 | D:4      | Reached skill level 1 in Throwing
  4417 | D:4      | Reached XP level 7. HP: 24/49 MP: 2/7
  4639 | D:4      | Killed Ijyb
  4755 | D:4      | Reached skill level 5 in Polearms
  5274 | D:4      | Bought a scroll of fear for 49 gold pieces
  5274 | D:4      | Bought a scroll of fog for 28 gold pieces
  5295 | D:5      | Entered Level 5 of the Dungeon
  5303 | D:5      | Reached XP level 8. HP: 46/54 MP: 2/8
  5665 | D:5      | Noticed Blork the orc
  5677 | D:5      | Killed Blork the orc
  6333 | D:5      | Reached skill level 5 in Fighting
  7093 | D:6      | Reached skill level 5 in Dodging
  7106 | D:6      | Reached XP level 9. HP: 61/61 MP: 3/9
  7287 | D:6      | Noticed Pikel
  7301 | D:6      | Killed Pikel
  7301 | D:6      | Reached skill level 5 in Throwing
  7989 | D:6      | Found a staircase to the Ecumenical Temple.
  8928 | D:7      | Reached skill level 6 in Fighting
  9160 | D:7      | You fall into a shaft and drop 3 floors!
  9160 | D:10     | Entered Level 10 of the Dungeon
  9160 | D:10     | Found a staircase to the Orcish Mines.
  9160 | D:10     | Found Ilurint's Armour Shop.
  9370 | D:10     | Reached XP level 10. HP: 40/68 MP: 3/10
  9539 | D:10     | HP: 3/68 [steam dragon (5)]
 10032 | D:9      | Noticed a two-headed ogre
 10362 | D:9      | Noticed a cyclops
 10378 | D:9      | Killed a two-headed ogre
 10444 | D:9      | Killed a cyclops
 10612 | D:9      | Noticed a two-headed ogre
 10670 | D:9      | Killed a two-headed ogre
 10976 | D:9      | Found Ciops's Book Emporium.
 11512 | D:8      | Reached skill level 7 in Fighting
 11619 | D:7      | Reached XP level 11. HP: 75/75 MP: 3/11
 11909 | D:7      | Noticed Maggie
 12039 | D:7      | Noticed Menkaure
 12685 | D:8      | Found a glowing golden altar of the Shining One.
 13361 | D:9      | Reached skill level 5 in Shields
 13856 | D:9      | Found a staircase to the Lair.
 14375 | D:10     | Noticed Urug
 14412 | D:10     | Killed Urug
 15017 | D:11     | Reached skill level 10 in Polearms
 15305 | D:11     | Noticed a two-headed ogre
 15316 | D:11     | Killed a two-headed ogre
 15741 | D:11     | Reached skill level 8 in Fighting
 16547 | D:12     | Noticed a deep elf mage
 16548 | D:12     | Noticed a manticore
 16794 | D:12     | Noticed Jorgrun
 17030 | Lair:1   | Entered Level 1 of the Lair of Beasts
 17108 | Lair:1   | Reached XP level 12. HP: 76/83 MP: 12/12
 19310 | Lair:2   | Found a runed translucent door.
 19312 | Lair:2   | Identified the +4 spear "Lioprusk" {freeze, *Corrode rElec
                  | rPois MR+++}
 19312 | Lair:2   | Noticed a spriggan rider
 19312 | Lair:2   | Noticed Sezoajol's ghost (journeyman DrTm)
 19477 | Lair:2   | Noticed a six-headed hydra
 19481 | Lair:2   | Killed a six-headed hydra
 19601 | Lair:2   | Found a staircase to the Swamp.
 20727 | Lair:3   | Reached skill level 10 in Throwing
 21505 | Lair:3   | Reached skill level 10 in Dodging
 21658 | Lair:4   | Reached XP level 13. HP: 90/90 MP: 13/13
 21663 | Lair:4   | Noticed Kirke
 21672 | Lair:4   | Reached skill level 9 in Fighting
 21688 | Lair:4   | Killed Kirke
 22261 | Lair:4   | Found a hole to the Spider Nest.
 23108 | Lair:5   | Noticed Josephine
 23118 | Lair:5   | Killed Josephine
 23793 | Lair:6   | Entered Level 6 of the Lair of Beasts
 24199 | Lair:6   | Found a staircase to the Slime Pits.
 24731 | Lair:6   | Reached XP level 14. HP: 98/98 MP: 14/14
 25035 | Lair:6   | Reached skill level 10 in Fighting
 26619 | Orc:1    | Entered Level 1 of the Orcish Mines
 26874 | Orc:2    | Entered Level 2 of the Orcish Mines
 26960 | Orc:2    | Found Ceantipav's Antique Armour Boutique.
 27000 | Orc:2    | Found a staircase to the Elven Halls.
 27207 | Orc:2    | Found a dark tunnel.
 27215 | Volcano  | Entered a volcano
 27750 | Volcano  | Reached skill level 11 in Fighting
 29055 | Orc:2    | Found Afett's Distillery.
 29058 | Orc:2    | Found Cavvaojukh's Jewellery Shoppe.
 29059 | Orc:2    | Found Raoho's Armour Shoppe.
 29060 | Orc:2    | Found Lytaph's Armour Emporium.
 29064 | Orc:2    | Bought an uncursed ring of poison resistance for 260 gold
                  | pieces
 29064 | Orc:2    | Bought an uncursed ring of see invisible for 195 gold
                  | pieces
 29069 | Orc:2    | Bought a potion of experience for 750 gold pieces
 29069 | Orc:2    | Reached skill level 12 in Fighting
 29069 | Orc:2    | Reached skill level 10 in Shields
 29069 | Orc:2    | Reached XP level 15. HP: 109/109 MP: 15/15
 29070 | Orc:2    | Bought a potion of curing for 45 gold pieces
 29070 | Orc:2    | Bought a potion of curing for 45 gold pieces
 29070 | Orc:2    | Bought a potion of mutation for 120 gold pieces
 29070 | Orc:2    | Bought a potion of curing for 45 gold pieces
 29070 | Orc:2    | Bought a potion of invisibility for 120 gold pieces
 29070 | Orc:2    | Gained mutation: You occasionally shout uncontrollably at
                  | your foes. [potion of mutation]
 29070 | Orc:2    | Gained mutation: You are partially covered in rugged brown
                  | scales. (AC +1, +3% HP) [potion of mutation]
 29070 | Orc:2    | Gained mutation: Your mind is acute. (Int +2) [potion of
                  | mutation]
 29071 | Orc:2    | Lost mutation: You occasionally shout uncontrollably at
                  | your foes. [potion of mutation]
 29071 | Orc:2    | Gained mutation: You are resistant to electric shocks.
                  | (rElec) [potion of mutation]
 29071 | Orc:2    | Gained mutation: One of your tentacles bears a spike.
                  | [potion of mutation]
 29071 | Orc:2    | Gained mutation: Your spells are a little harder to cast,
                  | but a little more powerful. [potion of mutation]
 30109 | D:9      | Bought a book of the Earth for 1105 gold pieces
 30116 | D:9      | Learned a level 6 spell: Statue Form
 30124 | D:9      | Bought a runed demon trident for 612 gold pieces
 30308 | Spider:1 | Entered Level 1 of the Spider Nest
 30637 | D:12     | Noticed Rupert
 31315 | D:12     | Killed Rupert
 31315 | D:12     | Reached skill level 1 in Spellcasting
 31315 | D:12     | Reached skill level 1 in Transmutations
 31315 | D:12     | Reached skill level 1 in Earth Magic
 31315 | D:12     | Reached XP level 16. HP: 119/119 MP: 17/17
 31395 | D:12     | Killed Jorgrun
 31647 | D:12     | Noticed Erolcha
 31652 | D:12     | Killed Erolcha
 32207 | Orc:2    | Bought an uncursed ring of wizardry for 390 gold pieces
 32504 | D:13     | Learned a level 2 spell: Blink
 33100 | D:13     | Found a shimmering altar of Xom.
 33527 | D:14     | Found a gate to the Vaults.
 33589 | D:14     | Reached skill level 13 in Fighting
 33617 | D:14     | Reached skill level 1 in Translocations
 33828 | D:14     | Found a flagged portal.
 33837 | Bailey   | Entered a bailey
 33918 | Bailey   | Got a shimmering mace
 33943 | Bailey   | Found a bloodstained altar of Trog.
 35007 | D:14     | Identified the +5 dire flail of Telopsat {vorpal, rElec
                  | rF+}
 35318 | D:15     | Entered Level 15 of the Dungeon
 36142 | D:15     | Found a staircase to the Depths.
 36430 | D:15     | Found Duokif's Assorted Antiques.
 36433 | D:15     | Bought 2 scrolls of enchant weapon for 465 gold pieces
 36435 | D:15     | Bought a scroll of magic mapping for 108 gold pieces
 37308 | Spider:1 | Reached XP level 17. HP: 125/127 MP: 22/22
 37511 | Spider:1 | Noticed Azrael
 37518 | Spider:1 | Killed Azrael
 38293 | Spider:2 | Reached skill level 14 in Fighting
 39512 | Spider:2 | Reached skill level 5 in Earth Magic
 40369 | Spider:3 | Reached skill level 5 in Transmutations
 41056 | Spider:3 | Noticed Arachne
 41092 | Spider:3 | Killed Arachne
 41958 | Spider:4 | Entered Level 4 of the Spider Nest
 42376 | Spider:4 | Reached skill level 5 in Spellcasting
 43894 | Spider:4 | Reached XP level 18. HP: 135/135 MP: 26/26
 45678 | Spider:4 | Got a gossamer rune of Zot
 46169 | Vaults:1 | Entered Level 1 of the Vaults
 46820 | Vaults:1 | Reached skill level 15 in Fighting
 47761 | Vaults:1 | Found Giaffama's Assorted Antiques.
 47804 | Vaults:1 | Bought a scroll labeled OZYPNE QAURONERR for 45 gold pieces
 47804 | Vaults:1 | Acquired a book of Spatial Translocations
 48031 | Vaults:1 | Found a runed translucent door.
 48031 | Vaults:1 | Noticed Geloitur's ghost (veteran SpEE)
 50491 | Vaults:2 | Reached XP level 19. HP: 113/145 MP: 30/30
 50891 | Vaults:2 | Hit by a large rock thrown by a stone giant

Illustrated notes

Levels and vault maps discovered:
D:1:      dpeg_arrival_water_altar, layout_rooms, serial_park_tiny_2
D:2:      layout_basic, lemuel_doored_altar, minmay_liquid_box
D:3:      layout_basic, old_standard_altar, amethyst_overflow_temple_binary,
          ebering_ghost_inner_flame
D:4:      minmay_door_path, layout_loops_ring, serial_shops, shop_scrolls,
          uniq_ijyb, uniq_grinder
D:5:      layout_basic, uniq_blork_the_orc
D:6:      layout_layer_cave, minmay_temple_entry_proselytizer,
          minmay_unpleasant_kobolds, uniq_pikel
D:7:      layout_rooms, minmay_misc_feat_iff, minivault_19, minivault_11,
          uniq_maggie, uniq_menkaure
D:8:      layout_cave_pools, serial_column_ruins, column_ruins_square_huge,
          column_ruins_columns_dead_end, column_ruins_open_tiny,
          column_ruins_open_large, column_ruins_open_tiny, column_ruins_grid_2,
          column_ruins_corridor_water, tso_altar
D:9:      layout_small_grid, erik_lair_dragon, serial_shops,
          nicolae_shop_crystal
D:10:     layout_irregular_city, orc_david_3, hex_medium, uniq_urug
D:11:     layout_loops_ring
D:12:     layout_cave_pools, uniq_rupert, uniq_jorgrun, uniq_erolcha
D:13:     layout_grid_maze, xom_teletrap_fun
D:14:     layout_stronghold, david_vaults_3, minivault_19, enter_bailey_8,
          grunt_decor_mini_mirrors, minmay_bent
D:15:     hangedman_depths_entry_civil_slaughter, layout_loops_ring,
          serial_shops, shop, grunt_ministairs_1
Lair:1:   layout_cellular_growth, grunt_megastairs_3, serial_bayou_shore_a,
          lemuel_fruit_tree, serial_bayou_shore_b, infiniplex_staircase_pool
Lair:2:   cheibrodos_lair_river_kwai, layout_chaotic_city, swamp_mist,
          ebering_ghost_funeral_grove, cheibrodos_lair_lostbears
Lair:3:   layout_gridlike, infiniplex_staircase_pool_2
Lair:4:   layout_roguey, nicolae_spider_entry_tight_spaces, lemuel_fruit_fields,
          uniq_kirke
Lair:5:   layout_regular_city, uniq_josephine
Lair:6:   grunt_lair_end_beastmaster, layout_cave_pods, slime_dummy,
          kennysheep_abandoned_house
Spider:1: layout_spider_delve, uniq_azrael
Spider:2: layout_spider_delve, drop_trap
Spider:3: layout_spider_delve, uniq_arachne
Spider:4: grunt_spider_rune_island
Orc:1:    layout_caves
Orc:2:    st_orc_pillars, layout_diamond_mine, serial_shops, nicolae_shop_stone,
          enter_volcano_3
Vaults:1: ebering_vaults_ghost_inner_flame, hangedman_vaults_nodes, v_misc_13,
          vaults_room_pools, kb_rosetta, ontoclasm_vaults_fault,
          hangedman_vaults_stitches, vaults_room_fancy_cross,
          nicolae_vaults_network_s, hangedman_vaults_nails,
          nicolae_vaults_border_crossing, layout_vaults_ring, serial_shops, shop
Vaults:2: hangedman_vaults_hat, ontoclasm_vaults_claustrophobia,
          nicolae_vaults_arrows, nicolae_vaults_diagonal_hallway_7, v_misc_23,
          grunt_vaults_diagonal, v_misc_5, nicolae_vaults_alarming, v_misc_8,
          vaults_room_hallway, vaults_mumra_minichess_inversion,
          hangedman_vaults_cutoff, v_misc_8, layout_vaults_omnicross

Skill      XL: |  1  2  3  4  5  6  7  8  9 10 11 12 13 14 15 16 17 18 |
---------------+-------------------------------------------------------+-----
Stealth        | 1 2 4 5 8 |  8.0
Polearms       | 4 5 6 8 9 10 11 13 14 | 14.0
Fighting       | 4 5 6 7 8 9 12 13 14 15 | 15.8
Throwing       | 1 2 4 6 8 10 | 10.0
Dodging        | 4 5 6 7 9 10 11 12 | 12.8
Shields        | 4 6 8 10 11 12 13 | 13.0
Evocations     | 3 |  3.9
Spellcasting   | 1 3 5 7 |  7.8
Transmutations | 1 3 5 8 |  8.4
Earth Magic    | 1 4 5 8 |  8.4
Translocations | 4 |  4.4

Action                   |  1- 3 |  4- 6 |  7- 9 | 10-12 | 13-15 | 16-18 | 19-21 || total
-------------------------+-------+-------+-------+-------+-------+-------+-------++-------
Melee: Spear             |    39 |   163 |   264 |   279 |       |       |       ||   745
       Tentacles         |    10 |    21 |    58 |   110 |   196 |   316 |    19 ||   730
       Constrict         |     7 |    25 |    48 |    57 |    92 |   176 |     9 ||   414
       Demon trident     |       |       |       |   322 |   772 |  1278 |    60 ||  2432
       Kick              |       |       |       |       |    38 |   480 |    24 ||   542
Throw: Javelin           |     5 |     6 |    12 |    24 |    40 |    73 |       ||   160
       Dart              |       |     5 |    87 |   255 |    47 |   371 |       ||   765
       Boomerang         |       |       |       |    73 |    66 |    58 |       ||   197
 Cast: Blink             |       |       |       |       |       |     2 |       ||     2
Invok: Call Merchant     |       |       |       |       |     2 |       |       ||     2
Evoke: Wand              |       |       |       |     2 |     4 |    19 |       ||    25
       Box of beasts     |       |       |       |       |     1 |     1 |       ||     2
  Use: Potion            |     1 |       |     1 |     1 |     8 |     9 |       ||    20
       Scroll            |       |     5 |     5 |    19 |     3 |    10 |     1 ||    43
 Stab: Sleeping          |     7 |    19 |     9 |    13 |    13 |    23 |       ||    84
       Distracted        |       |     1 |     2 |     6 |     9 |    11 |       ||    29
       Held in net/web   |       |       |       |       |       |     2 |       ||     2
Armor: Skin              |       |     3 |     3 |     5 |     2 |     8 |     1 ||    22
Dodge: Dodged            |     9 |    26 |    68 |   262 |   193 |   332 |    16 ||   906
Block: Kite shield       |     7 |    43 |    51 |   162 |   290 |   504 |    18 ||  1075
       Reflection        |       |       |       |       |    14 |    31 |     3 ||    48

Table legend: (Time is in decaauts)
 A = Elapsed time spent in this place.
 B = Non-inter-level travel time spent in this place.
 C = Inter-level travel time spent in this place.
 D = Time resting spent in this place.
 E = Time spent auto-exploring this place.
 F = Levels seen in this place.
 G = Mean time per level.
                   A        B        C        D        E       F      G
               +--------+--------+--------+--------+--------+-----+--------+
         Total |  49833 |  47119 |   2714 |  19049 |  18782 |  31 | 1607.5 |
       Dungeon |  23906 |  22254 |   1652 |   8789 |   8684 |  15 | 1593.7 |
          Lair |   9651 |   9023 |    628 |   3147 |   4444 |   6 | 1608.5 |
   Spider Nest |   8316 |   8139 |    177 |   4098 |   3029 |   4 | 2079.0 |
  Orcish Mines |   2930 |   2703 |    227 |    941 |   1020 |   2 | 1465.0 |
        Vaults |   4255 |   4226 |     29 |   1675 |   1546 |   2 | 2127.5 |
        Bailey |    217 |    217 |      0 |      0 |     59 |   1 |  217.0 |
       Volcano |    555 |    555 |      0 |    397 |      0 |   1 |  555.0 |
               +--------+--------+--------+--------+--------+-----+--------+

Top non-repeatable levels by time:
Spider:4: 3690 daAuts
Vaults:1: 3422 daAuts
     D:9: 2671 daAuts
    D:11: 2471 daAuts
  Lair:6: 2384 daAuts
  Lair:2: 2243 daAuts
   Orc:2: 2213 daAuts
    D:10: 2100 daAuts
    D:14: 2075 daAuts
Spider:2: 2036 daAuts
     D:4: 1997 daAuts
     D:6: 1943 daAuts
     D:2: 1638 daAuts
Spider:3: 1589 daAuts
     D:3: 1557 daAuts
